Map: Submarine LE

Players

alexliyov

  • Race: Protoss Protoss
  • League: Platinum
  • Spawn Location: 11:00

Massa - Winner!

  • Race: Terran Terran
  • League: Platinum
  • Spawn Location: 5:00

VOD

Have the link to the VOD?

Description

Time

  • Played on: Oct. 24, 2020, 3:15 p.m.
  • Length: 21:08
Show
View Real Time Build Order
Export as new Build Order

alexliyov Protoss 

Build Orders:  

Get SALT Encoding   

  12  0:00  Probe (Chrono Boost)  
  13  0:10  Probe (Chrono Boost)  
  14  0:18  Pylon  
  14  0:22  Probe  
  15  0:30  Assimilator  
  15  0:40  Gateway  
  15  0:50  Probe  
  16  0:59  Assimilator  
  16  1:02  Probe (Chrono Boost)  
  17  1:13  Probe (Chrono Boost)  
  18  1:23  Probe  
  19  1:32  Cybernetics Core  
  19  1:37  Forge  
  19  1:41  Pylon  
  19  1:42  Probe  
  20  1:48  Pylon  
  20  1:54  Probe  
  21  2:06  Probe  
  22  2:11  Stargate  
  22  2:15  Stalker  
  24  2:23  Probe  
  24  2:37  Stargate  
  24  2:41  Photon Cannon  
  24  2:56  Stargate  
  24  3:25  Shield Battery  
  24  3:27  Void Ray  
  28  3:43  Nexus  
  28  3:51  Pylon  
  28  3:59  Probe  
  29  4:03  Void Ray  
  29  4:08  Void Ray  
  37  4:18  Shield Battery  
  37  4:23  Probe  
  38  4:34  Pylon  
  38  4:35  Probe  
  39  4:43  Photon Cannon  
  39  4:50  Pylon  
  39  4:52  Probe  
  40  4:56  Void Ray  
  40  5:04  Probe (Chrono Boost)  
  46  5:15  Probe (Chrono Boost)  
  45  5:23  Probe  
  45  5:25  Probe  
  47  5:32  Void Ray  
  47  5:35  Probe  
  48  5:37  Probe  
  53  5:47  Probe  
  53  5:49  Probe  
  55  5:51  Assimilator  
  55  5:52  Void Ray  
  55  5:56  Protoss Air Weapons Level 1  
  55  5:59  Probe  
  55  6:02  Probe  
  61  6:11  Probe (Chrono Boost)  
  63  6:18  Probe (Chrono Boost)  
  63  6:20  Void Ray  
  63  6:23  Probe (Chrono Boost)  
  64  6:26  Assimilator  
  64  6:30  Probe (Chrono Boost)  
  64  6:31  Probe (Chrono Boost), Photon Cannon  
  70  6:36  Pylon  
  70  6:54  Probe  
  70  6:55  Probe, Pylon  
  72  7:08  Probe  
  68  7:20  Probe  
  68  7:22  Probe  
  66  7:28  Void Ray  
  66  7:29  Void Ray  
  66  7:31  Shield Battery  
  66  7:32  Photon Cannon  
  66  7:34  Probe (Chrono Boost)  
  76  7:45  Probe (Chrono Boost)  
  76  7:46  Stargate  
  76  7:48  Pylon  
  76  7:52  Stalker  
  76  7:57  Probe (Chrono Boost)  
  79  8:07  Probe (Chrono Boost)  
  79  8:08  Protoss Air Armor Level 1 (Chrono Boost)  
  79  8:12  Probe (Chrono Boost)  
  80  8:18  Pylon  
  81  8:20  Void Ray  
  81  8:23  Probe, Fleet Beacon  
  81  8:26  Void Ray  
  90  8:35  Probe  
  91  9:00  Void Ray x2  
  91  9:02  Probe  
  92  9:08  Nexus  
  100  9:11  Pylon  
  100  9:14  Probe  
  100  9:16  Pylon  
  101  9:18  Pylon  
  101  9:20  Assimilator  
  101  9:22  Flux Vanes  
  101  9:25  Assimilator  
  101  9:26  Probe  
  101  9:27  Pylon  
  102  9:47  Void Ray x2  
  110  10:04  Protoss Air Weapons Level 2 (Chrono Boost)  
  110  10:05  Photon Cannon  
  110  10:07  Photon Cannon  
  110  10:10  Photon Cannon  
  110  10:12  Photon Cannon  
  110  10:19  Void Ray  
  114  10:29  Probe (Chrono Boost)  
  116  10:38  Probe (Chrono Boost)  
  116  10:39  Probe (Chrono Boost)  
  117  10:44  Probe x2 (Chrono Boost)  
  117  10:45  Void Ray, Cybernetics Core  
  117  10:47  Pylon  
  117  10:48  Void Ray  
  125  10:56  Probe  
  128  11:04  Probe  
  128  11:08  Probe  
  130  11:16  Probe  
  131  11:20  Probe, Robotics Facility  
  131  11:23  Protoss Ground Weapons Level 1 (Chrono Boost)  
  132  11:28  Probe  
  133  11:33  Void Ray x3  
  133  11:37  Protoss Air Armor Level 2 (Chrono Boost)  
  145  11:40  Probe  
  146  12:09  Stargate  
  146  12:11  Stargate  
  146  12:14  Void Ray  
  146  12:15  Void Ray  
  154  12:34  Pylon  
  154  12:35  Pylon  
  154  12:37  Pylon  
  154  12:45  Observer  
  154  12:46  Void Ray  
  155  12:57  Robotics Bay  
  159  13:00  Protoss Air Weapons Level 3, Pylon  
  159  13:02  Pylon  
  159  13:10  Observer  
  160  13:17  Nexus  
  160  13:19  Pylon  
  160  13:21  Pylon  
  160  13:24  Robotics Facility  
  160  13:32  Forge  
  160  13:42  Assimilator  
  160  13:43  Assimilator  
  160  13:47  Pylon  
  160  14:09  Extended Thermal Lance  
  160  14:11  Colossus x2  
  150  14:28  Void Ray  
  150  14:29  Void Ray x3  
  150  14:31  Void Ray  
  128  14:41  Nexus  
  128  14:44  Probe (Chrono Boost)  
  128  14:54  Probe x2 (Chrono Boost)  
  128  14:59  Probe (Chrono Boost)  
  128  15:01  Probe  
  130  15:10  Probe  
  130  15:12  Colossus x2  
  130  15:13  Probe  
  144  15:22  Probe  
  145  15:31  Protoss Shields Level 1, Protoss Ground Armor Level 1  
  145  15:48  Pylon  
  145  15:55  Probe (Chrono Boost)  
  145  15:56  Probe (Chrono Boost)  
  148  15:58  Void Ray x3  
  148  15:59  Probe (Chrono Boost)  
  148  16:03  Void Ray  
  149  16:06  Probe (Chrono Boost)  
  149  16:08  Probe (Chrono Boost)  
  149  16:09  Probe (Chrono Boost)  
  167  16:11  Probe (Chrono Boost)  
  167  16:14  Observer  
  167  16:16  Probe  
  170  16:22  Probe  
  171  16:35  Probe  
  171  16:39  Void Ray x3  
  184  17:10  Void Ray  
  184  17:11  Void Ray  
  152  17:16  Void Ray  
  142  17:43  Colossus x2  
  146  18:23  Void Ray x3  
  146  18:24  Void Ray  
  146  18:25  Void Ray  
  158  18:41  Gateway  
  158  18:43  Gateway  
  158  18:45  Gateway  
  158  18:50  Warp Gate (Chrono Boost)  
  158  18:55  Twilight Council  
  158  18:58  Gateway  
  158  19:01  Gateway  
  158  19:04  Gateway x2  
  158  19:07  Gateway  
  158  19:09  Gateway  
  158  19:28  Immortal x2  
  158  20:38  Zealot x6  
  158  20:39  Zealot x2  
Show
View Real Time Build Order
Export as new Build Order

Massa Terran - Winner!

Build Orders:  

Get SALT Encoding   

  12  0:00  SCV  
  13  0:12  SCV  
  14  0:17  Supply Depot  
  14  0:24  SCV  
  15  0:38  SCV  
  15  0:40  Barracks  
  16  0:50  SCV  
  16  0:51  Refinery  
  17  1:05  SCV  
  18  1:17  SCV  
  19  1:29  SCV  
  20  1:34  Reaper  
  21  1:44  Command Center  
  21  1:45  Orbital Command  
  21  1:58  Supply Depot  
  21  2:10  Refinery, Marine  
  22  2:36  SCV  
  23  2:38  Barracks Reactor  
  23  2:44  Factory  
  23  2:48  SCV  
  23  2:50  Supply Depot  
  24  2:57  Orbital Command  
  24  3:01  SCV  
  25  3:13  SCV  
  25  3:14  Marine x2  
  28  3:23  SCV  
  28  3:25  SCV  
  30  3:29  Engineering Bay  
  30  3:30  Factory Tech Lab  
  30  3:31  Marine  
  30  3:32  Marine  
  32  3:35  SCV  
  32  3:37  SCV  
  34  3:47  Starport  
  34  3:49  Marine x2  
  34  3:51  SCV x2  
  37  3:57  Supply Depot  
  37  3:58  Missile Turret  
  37  4:00  Missile Turret  
  37  4:03  SCV x2, Missile Turret  
  37  4:05  Missile Turret  
  39  4:11  Marine  
  39  4:12  Marine  
  39  4:15  SCV x2  
  43  4:27  SCV x2  
  43  4:29  Marine  
  43  4:30  Marine  
  47  4:38  Barracks  
  47  4:39  SCV  
  47  4:40  SCV  
  47  4:43  Medivac  
  51  4:45  Siege Tank  
  51  4:51  Bunker  
  54  4:54  Supply Depot  
  54  4:55  Refinery, Marine x2  
  56  5:13  Marine x2  
  58  5:23  SCV x2  
  60  5:35  SCV x2  
  61  5:38  Missile Turret, Medivac  
  61  5:42  Widow Mine  
  65  5:43  Barracks Tech Lab  
  65  5:47  SCV x2  
  65  5:48  Command Center  
  67  5:55  Refinery  
  67  5:56  Marine x2  
  69  5:59  SCV  
  69  6:02  Supply Depot  
  70  6:04  Stimpack  
  70  6:05  Supply Depot  
  70  6:24  Widow Mine, SCV x2, Marauder, Medivac  
  78  6:26  Marine x2  
  78  6:28  Supply Depot  
  78  6:31  Supply Depot  
  80  6:36  SCV x2  
  82  6:43  Supply Depot  
  82  6:44  Marine x2  
  82  6:45  Marauder  
  86  6:50  SCV x2, Siege Tank  
  79  7:27  Missile Turret  
  79  7:28  Missile Turret x2  
  79  7:29  Cyclone, Missile Turret  
  81  7:34  Armory  
  81  7:38  Missile Turret x2  
  81  7:40  Missile Turret  
  82  7:51  SCV x2  
  82  7:55  Marine  
  82  7:56  Marine x2, Command Center  
  86  8:00  Missile Turret  
  86  8:03  SCV  
  86  8:04  SCV  
  88  8:07  Command Center  
  88  8:13  Marine  
  88  8:14  Marine x2  
  88  8:15  SCV, Orbital Command  
  88  8:16  SCV  
  88  8:19  Missile Turret  
  93  8:20  Missile Turret  
  93  8:23  Missile Turret x3  
  93  8:25  Missile Turret  
  93  8:27  SCV  
  93  8:28  SCV  
  93  8:31  Barracks, Marine x3  
  98  8:34  Barracks  
  98  8:37  Barracks  
  98  8:39  SCV  
  98  8:40  SCV  
  100  8:42  Thor  
  100  8:46  SCV  
  100  8:49  Refinery, Marine x3  
  100  8:50  Refinery  
  100  8:51  SCV  
  100  8:52  SCV  
  100  8:55  Combat Shield  
  105  8:58  SCV  
  105  9:01  Terran Vehicle Weapons Level 1  
  105  9:02  Terran Infantry Weapons Level 1  
  106  9:04  SCV  
  106  9:06  Marine  
  106  9:07  SCV, Marine x2  
  106  9:08  SCV  
  112  9:10  SCV  
  112  9:11  Missile Turret  
  112  9:16  SCV  
  114  9:19  SCV  
  114  9:22  SCV, Missile Turret  
  117  9:24  Marine, Missile Turret  
  117  9:25  Marine x2, Planetary Fortress, Thor  
  117  9:28  SCV  
  126  9:31  Missile Turret  
  126  9:33  Missile Turret  
  126  9:35  Missile Turret  
  126  9:38  Missile Turret  
  126  9:39  Planetary Fortress  
  126  9:43  SCV, Missile Turret  
  126  9:44  SCV x2  
  129  9:54  Marine  
  129  9:55  SCV, Marine x2  
  129  9:56  SCV x2  
  138  10:05  Factory  
  138  10:06  Barracks Reactor x2, Barracks Tech Lab  
  135  10:07  SCV  
  135  10:08  SCV x2  
  135  10:11  SCV  
  135  10:12  Marine  
  135  10:13  Marine  
  141  10:16  Missile Turret  
  141  10:19  SCV  
  141  10:20  SCV x2  
  144  10:23  SCV  
  144  10:26  Refinery  
  144  10:27  Refinery  
  145  10:31  SCV  
  145  10:32  SCV x2  
  145  10:35  SCV, Missile Turret x5  
  149  10:38  Supply Depot  
  149  10:42  Supply Depot  
  149  10:43  SCV, Supply Depot x3  
  149  10:49  Factory Tech Lab  
  150  10:55  Missile Turret, Supply Depot x3  
  150  10:57  Supply Depot  
  150  10:58  Missile Turret  
  150  11:04  Supply Depot  
  150  11:06  Supply Depot  
  150  11:08  Supply Depot  
  150  11:11  Thor  
  150  11:12  Thor  
  150  11:13  Command Center  
  150  11:15  Missile Turret  
  162  11:23  Refinery  
  162  11:25  Refinery  
  162  11:27  Command Center  
  162  11:35  Armory  
  162  11:40  Engineering Bay  
  162  11:41  Terran Vehicle And Ship Armor Level 1  
  162  11:43  Terran Infantry Armor Level 1  
  162  11:54  Thor  
  162  11:55  Thor  
  162  11:56  Missile Turret  
  174  12:02  Sensor Tower  
  174  12:07  Sensor Tower  
  174  12:13  Marauder x2, Marine  
  174  12:14  Marine x5  
  174  12:15  Missile Turret  
  184  12:31  Marine  
  184  12:32  Marine x5  
  184  12:34  Marauder  
  184  12:35  Orbital Command, Marauder  
  194  12:37  Thor  
  194  12:39  Missile Turret  
  200  12:47  Missile Turret  
  200  12:48  Orbital Command  
  200  12:57  Missile Turret  
  200  13:03  Missile Turret x2  
  200  13:06  Missile Turret  
  200  13:17  Missile Turret  
  200  13:20  Hi-Sec Auto Tracking  
  200  13:22  Terran Vehicle Weapons Level 2, Missile Turret  
  200  13:24  Missile Turret  
  200  13:26  Missile Turret  
  200  13:35  Missile Turret, Terran Ship Weapons Level 1  
  200  13:37  Neosteel Armor  
  200  13:41  Missile Turret  
  200  13:42  Missile Turret  
  200  13:43  Missile Turret x2  
  200  13:44  Missile Turret  
  200  13:45  Missile Turret  
  200  13:54  Missile Turret  
  200  14:01  Concussive Shells  
  200  14:03  Starport Reactor, Missile Turret  
  200  14:05  Missile Turret x2  
  200  14:07  Missile Turret x2  
  200  14:15  Missile Turret  
  200  14:17  Terran Infantry Weapons Level 2  
  171  14:28  Marine x8  
  171  14:29  Thor  
  171  14:30  Thor  
  149  14:36  Missile Turret  
  125  14:41  Viking x2  
  123  14:45  Marine  
  123  14:46  Marine x7  
  131  14:55  Missile Turret x2  
  131  14:58  Missile Turret  
  131  15:03  Marine, Supply Depot  
  131  15:04  Marauder x2, Marine  
  131  15:05  Supply Depot  
  137  15:09  Missile Turret  
  137  15:11  Viking x2  
  137  15:12  Thor x2  
  153  15:15  Missile Turret x2  
  153  15:18  Missile Turret x2  
  153  15:21  Marine  
  153  15:22  Marine x5  
  153  15:25  Marine x2  
  153  15:26  Barracks  
  161  15:29  Barracks  
  161  15:31  Barracks  
  161  15:32  Missile Turret  
  161  15:35  Missile Turret x2  
  161  15:36  Barracks  
  161  15:38  Refinery  
  161  15:39  Marine  
  161  15:40  Refinery, Marine x5  
  167  15:43  Marine x2  
  169  15:51  Terran Vehicle And Ship Armor Level 2, Terran Vehicle Weapons Level 3  
  169  15:52  Starport Reactor, Missile Turret  
  169  15:53  Terran Infantry Armor Level 2  
  169  15:55  Thor  
  169  15:56  Missile Turret  
  175  15:57  Marine x6  
  175  16:01  Marine x2  
  183  16:07  Smart Servos  
  183  16:14  Missile Turret  
  183  16:15  Barracks Reactor, Marine x6  
  183  16:17  Barracks Tech Lab  
  183  16:18  Barracks Reactor  
  189  16:19  Marine x2  
  191  16:32  Marine  
  191  16:33  Marine x5  
  191  16:37  Marine x2  
  199  16:50  Marine  
  200  17:04  Refinery  
  200  17:06  Refinery  
  172  17:11  Thor x2  
  172  17:12  Marine  
  172  17:13  Marine x12  
  132  17:25  Drilling Claws  
  132  17:26  Barracks Tech Lab  
  125  17:30  Marine  
  125  17:31  Marauder, Marine x9, Viking  
  125  17:32  Marauder x2, Viking  
  144  17:48  Marine x3  
  142  17:53  Marauder x3  
  142  17:54  Thor x2  
  153  18:01  Viking  
  153  18:02  Viking  
  153  18:05  Factory  
  154  18:10  Factory  
  154  18:14  Marauder x3  
  154  18:16  Terran Vehicle And Ship Armor Level 3  
  154  18:19  Terran Infantry Weapons Level 3, Terran Infantry Armor Level 3  
  143  18:31  Viking  
  143  18:32  Viking  
  147  18:36  Marauder  
  147  18:37  Thor x2  
  161  18:44  Marauder  
  161  18:45  Marauder x2, Marine x10  
  177  18:54  Factory Tech Lab  
  177  18:57  Factory Tech Lab, Marauder  
  177  19:01  Viking  
  177  19:02  Marine, Viking  
  183  19:03  Marine x8  
  183  19:06  Marauder x3  
  198  19:18  Marauder  
  200  19:33  Command Center  
  200  19:39  Infernal Pre-Igniter  
Tags
 
Add a new tag
Caveats
  • Supply blocks, unpowered buildings, or Contaminate may cause inaccurate times.
  • Supply counts are checked every 10 seconds.